 Dungeon Crawl Stone Soup version 0.27-a0-1591-gc56fcc985a (webtiles) character file.

Game seed: 7318668245838481547

61 Anon1729 the Cudgeller (level 3, -10/49 HPs)
             Began as a Minotaur Monk on July 19, 2021.
             Killed by divine providence
             ... invoked by an orc priest
              (14 damage)
             ... on level 2 of the Dungeon.
             The game lasted 00:02:26 (2447 turns).

Anon1729 the Cudgeller (Minotaur Monk)              Turns: 2447, Time: 00:02:26

Health: -10/49     AC: 21    Str: 16    XL:     3   Next: 83%
Magic:  2/2        EV:  2    Int:  7    God:
Gold:   113        SH:  0    Dex: 12    Spells: 2/2 levels left

rFire    . . .     SeeInvis .   a - +0 mace
rCold    . . .     Faith    .   (no shield)
rNeg     + + +     Spirit   .   (armour currently unavailable)
rPois    +         Reflect  .   (helmet currently unavailable)
rElec    .         Harm     .   (cloak currently unavailable)
rCorr    .         Rampage  .   (gloves currently unavailable)
Will     .....     NoTele   +   (boots currently unavailable)
Stlth    ++........             (no amulet)
HPRegen  0.16/turn              (no ring)
MPRegen  0.08/turn              (no ring)

@: tree-form
A: stationary, stasis, torment immunity, boosted hp, (horns 2), (retaliatory
headbutt)
a: no special abilities


You were on level 2 of the Dungeon.
You were a tree.
You visited 1 branch of the dungeon, and saw 3 of its levels.

You collected 113 gold pieces.

Inventory:

Hand Weapons
 a - a +0 mace (weapon)
Armour
 b - a +0 robe (melded)
Scrolls
 c - a scroll of immolation {unknown}
 d - a scroll of teleportation {unknown}
 g - 2 scrolls of identify {unknown}
Potions
 e - 3 potions of lignification
 f - a potion of might {unknown}
 h - a potion of heal wounds {unknown}
 i - a potion of mutation {unknown}
 j - a potion of curing {unknown}


   Skills:
 + Level 4.2 Fighting
 + Level 4.2 Maces & Flails
 + Level 3.9 Dodging
 + Level 2.2 Stealth


You had 2 spell levels left.
You didn't know any spells.
Your spell library was empty.

Dungeon Overview and Level Annotations

Branches:
Dungeon (3/15)

Altars:

Shops:
D:1 =?!**


Innate Abilities, Weirdness & Mutations

You are a tree.
Your roots penetrate the ground, keeping you stationary.
You cannot be teleported.
You are immune to unholy pain and torment.
Your maximum health is greatly increased.
Your equipment is partially melded.
((You have a pair of horns on your head.))
((You reflexively headbutt those who attack you in melee.))


Message History

You climb downwards.
The orc priest miscasts a cantrip.
The orc hits you with a +0 dagger.
The orc priest hits you with a +1 dagger of holy wrath.
There is a stone staircase leading up here.
You closely miss the orc priest. The orc hits you but does no damage.
The orc priest hits you with a +1 dagger of holy wrath.
The orc barely misses you.
The orc priest miscasts a cantrip.
You climb upwards.
There is a stone staircase leading down here.
You barely miss the orc priest. You headbutt the orc priest!
The orc priest is heavily wounded.
The orc priest mumbles some strange prayers to Beogh against you.
Beogh smites you! The orc misses you.
You hit the orc priest but do no damage.
Your headbutt misses the orc priest.
The orc priest is heavily wounded.
The orc priest invokes the aid of Beogh against you.
Pain shoots through your body!
* * * LOW HITPOINT WARNING * * *
The orc barely misses you.
The orc priest hits you with a +1 dagger of holy wrath.
* * * LOW HITPOINT WARNING * * *
The orc hits you with a +0 dagger.
* * * LOW HITPOINT WARNING * * *
Unknown command.
It was a potion of lignification.
You turn into a tree.
Your +0 robe melds into your body.
Your roots penetrate the ground.
The orc priest hits you but does no damage.
The orc hits you but does no damage.
You hit the orc priest but do no damage.
The orc priest is heavily wounded.
The orc priest hits you but does no damage.
The orc hits you but does no damage.
You hit the orc priest but do no damage.
The orc priest is heavily wounded.
The orc priest mumbles some strange prayers to Beogh against you.
Beogh smites you!
You die...

.##### ##.## #.#...#
.# #.# #.....# )# #.#
###...# .#
#.############### .#
#.##.........#########
.#
#.##........<.........
.####
#.##..######.##...####
....# #.##.o# #.##.†.#
###.########.##.♣#
#.##††.####
#.............o#
#..........
################
#.........#
#.........#
####...#### #...#
#...# #####


You could see an orc priest and an orc.

Vanquished Creatures
  2 adders (D:2)
  A dart slug (D:1)
  An orc (D:3)
  4 endoplasms
  3 giant cockroaches (D:2)
  A hobgoblin (D:1)
  4 jackals (D:2)
  A quokka (D:3)
  4 ball pythons
  3 bats
  2 frilled lizards
  2 goblins
  8 kobolds
  6 rats
42 creatures vanquished.

Notes
Turn   | Place    | Note
-------+----------+-------------------------------------------
     0 | D:1      | Anon1729 the Minotaur Monk began the quest for the Orb.
     0 | D:1      | Reached XP level 1. HP: 19/19 MP: 0/0
   156 | D:1      | Found Ficainas's General Store.
   288 | D:1      | Reached XP level 2. HP: 23/27 MP: 1/1
   389 | D:1      | Found Lecrikk's Distillery.
   680 | D:1      | Found Qinuahat's Magic Scroll Boutique.
   759 | D:1      | Found Bonek's Jewellery Shoppe.
  1292 | D:2      | Reached XP level 3. HP: 23/33 MP: 2/2
  2224 | D:3      | Noticed a scorpion
  2447 | D:2      | Killed from afar by an orc priest

Illustrated notes

Levels and vault maps discovered:
D:1:      onia_arrival_handbag, layout_loops_corners, serial_shops, shop,
          nicolae_square_shop, shop, shop, shop, minmay_misc_feat_chi
D:2:      layout_loops_ring, grunt_ministairs_13
D:3:      layout_rooms

Skill      XL: |  1  2 |
---------------+-------+-----
Fighting       | 4 |  4.2
Maces & Flails | 4 |  4.2
Stealth        | 2 |  2.2
Dodging        | |  3.9

Action                   || total
-------------------------++-------
Melee: Mace              ||    72
       Headbutt          ||     9
  Use: Potion            ||     1
 Stab: Sleeping          ||    11
Armor: Robe              ||     5
       Skin              ||     4
Dodge: Dodged            ||    42

Table legend: (Time is in decaauts)
 A = Elapsed time spent in this place.
 B = Non-inter-level travel time spent in this place.
 C = Inter-level travel time spent in this place.
 D = Time resting spent in this place.
 E = Time spent auto-exploring this place.
 F = Levels seen in this place.
 G = Mean time per level.
                   A        B        C        D        E       F      G
               +--------+--------+--------+--------+--------+-----+--------+
         Total |   2463 |   2386 |     77 |    145 |   1974 |   3 |  821.0 |
       Dungeon |   2463 |   2386 |     77 |    145 |   1974 |   3 |  821.0 |
               +--------+--------+--------+--------+--------+-----+--------+

Top non-repeatable levels by time:
     D:2: 1275 daAuts
     D:1: 1143 daAuts
     D:3: 43 daAuts
